Unix NetHack Version 5.0.0-0 post-release - last build Jun 10 2026 00:39:30 (3ee93aec679c4c4259841fe613dc97188e26a321,branch:main).

Game began 2026-06-17 00:30:46, ended 2026-06-17 00:34:08.

DaveT, lawful male human Priest

                ----------------
                +..{...>........####-----       ----------           ------
                |..............|####|....#######.`........#          |.>..|
                |..............+   #|...|   ####|........|#        ##.....|
                ----|-----------   #....+       |.......[|##       # |....|
                    ####            -----       ---------- #       # |....|
                       ##### ################  ######      #       # |....|
                       ###############################     ###     # ------
                           ###        ##      #    d#####    #     #
                                                  #@ #  ##   #### ##
                             .                     # ########## ###
                             .                                ###
                             .                                 ###       #
                             .                           -------####-----.--
                            ...                          |......####.......|
                           -----                         +...`.| ###|.....<|
                                                         |..{..     .......|
                                                         ------     --------

DaveT the Aspirant           St:13 Dx:8 Co:13 In:13 Wi:16 Ch:12  Lawful
Dlvl:3  $:29 HP:0(20) Pw:17(17) AC:4  Xp:2 T:950  Burdened

Latest messages:
 You hear someone cursing shoplifters.
 With great effort you move the boulder.
 You try to move the boulder, but in vain.
 You try to move the boulder, but in vain.
 You fall down the stairs.
 You are in full health.
 You fall down the stairs.
 You see here a looking glass.
 You have a little trouble lifting t - a looking glass.
 You are beginning to feel hungry.
 You climb up the stairs.
 What do you want to eat? [efj or ?*] ?
 This food really hits the spot!
 You finish eating the food ration.
 You kill the newt!
 The grid bug bites!
 You avoid harm.
 You kill the grid bug!
 You kill the grid bug!
 You see here a blessed crude ring mail.
 There's some graffiti on the floor here.
 You read: "Go? a ?ucstion   Try rec.gam?s.r?g?elike.nethac|."
 You see here a scroll labeled GARVEN DEH.
 You have a little trouble lifting v - a scroll labeled GARVEN DEH.
 What do you want to read? [ghmrv or ?*] v
 As you read the scroll, it disappears.
 This is an identify scroll.
 n - a +0 ring mail (being worn).
 You fall down the stairs.
 You see here 13 gold pieces.
 You have a little trouble lifting $ - 13 gold pieces (29 in total).
 You climb up the stairs.
 You miss the giant rat.
 The giant rat just misses!
 You miss the giant rat.
 The giant rat bites!
 You miss the giant rat.
 The giant rat bites!
 You kill the giant rat!
 You miss the coyote.
 The coyote bites!
 The coyote bites!
 The coyote bites!
 You kill the coyote!
 The coyote bites!
 You miss the coyote.
 The coyote bites!
 You die...
 Do you want your possessions identified? [ynq] (y) y
 Do you want to see your attributes? [ynq] (y) q

Inventory:
 Coins    ('$')
  $ - 29 gold pieces
 Weapons  (')')
  a - a blessed +1 mace (weapon in right hand)
 Armor    ('[')
  c - a +0 small shield (being worn)
  b - a +0 robe (being worn)
  n - a +0 ring mail (being worn)
 Comestibles  ('%')
  e - a clove of garlic
  j - 2 food rations
  f - a sprig of wolfsbane
 Spellbooks  ('+')
  h - a spellbook of detect monsters
  r - a spellbook of detect monsters
  g - a spellbook of light
  m - a spellbook of light
 Potions  ('!')
  s - 2 potions of healing
  d - 4 potions of holy water
 Tools    ('(')
  i - a magic marker (0:19)
  t - a mirror

DaveT the Priest's attributes:

Background:
 You were an Aspirant, a level 2 human Priest.
 You were lawful, on a mission for Lugh
 who was opposed by Brigit (neutral) and Manannan Mac Lir (chaotic).
 You were right-handed.
 You were in the Dungeons of Doom, on level 3.
 You entered the dungeon 950 turns ago.
 It was the midnight hour.
 There was a new moon in effect when your adventure ended.
 You had 30 experience points, 10 more were needed to attain level 3.

Basics:
 You had 0 out of 20 hit points.
 You had all 17 energy points (spell power).
 Your armor class was 4.
 Your wallet contained 29 zorkmids.
 Autopickup was off.

Final Characteristics:
 Your strength was 13 (limit:18/100).
 Your dexterity was 8 (limit:18).
 Your constitution was 13 (limit:18).
 Your intelligence was 13 (limit:18).
 Your wisdom was 16 (limit:18).
 Your charisma was 12 (limit:18).

Final Status:
 You weren't hungry.
 You were burdened; movement was slightly slowed.
 You were wielding a mace.
 You had basic skill with mace.

Final Attributes:
 You were devoutly aligned.
 You would have confused monsters when hitting them.
 You were guarded.
 Your spell casting was impaired by metallic armor, mitigated by your robe.
 You are dead.

Miscellaneous:
 You didn't encounter any bones levels.
 Total elapsed playing time was 3 minutes and 21 seconds.

Major events:
 Turn
    1: DaveT the lawful human Priest entered the dungeon
  734: entered the Gnomish Mines
  950: killed by a coyote

Spells:
 Name                 Level Category     Fail Retention
 light                  1   clerical      38%  91%-100%
 detect monsters        1   divination    42%  76%-100%

Skills:
 Fighting Skills
   bare handed combat [Unskilled]
 Weapon Skills
   club               [Unskilled]
   mace               [Basic]
   morning star       [Unskilled]
   flail              [Unskilled]
   hammer             [Unskilled]
   quarterstaff       [Unskilled]
   polearms           [Unskilled]
   spear              [Unskilled]
   trident            [Unskilled]
   lance              [Unskilled]
   bow                [Unskilled]
   sling              [Unskilled]
   crossbow           [Unskilled]
   dart               [Unskilled]
   shuriken           [Unskilled]
   boomerang          [Unskilled]
   unicorn horn       [Unskilled]
 Spellcasting Skills
   healing spells     [Unskilled]
   divination spells  [Unskilled]
   clerical spells    [Basic]

Voluntary challenges:
 Character rerolling was not enabled.
 You followed a strict vegan diet.
 You were an atheist.
 You never genocided any monsters.
 You never polymorphed an object.
 You never changed form.
 You used no wishes.
Achievements:
 You entered a shop.
 You entered the Gnomish Mines.

 The Dungeons of Doom: levels 1 to 4
    Level 1:
       Some fountains.
    Level 2:
       A weapon shop.
    Level 3: <- You were here.
       Some fountains.
       Stairs down to The Gnomish Mines.
       Final resting place for
          you, killed by a coyote.
    Level 4:
 The Gnomish Mines:
    Level 4:


Vanquished creatures:
  a coyote
  a giant rat
  a fox
  a kobold
  a goblin
  a sewer rat
  4 grid bugs
  a lichen
  2 newts
13 creatures vanquished.

No species were genocided or became extinct.

Game over:
                       ----------
                      /          \
                     /    REST    \
                    /      IN      \
                   /     PEACE      \
                  /                  \
                  |      DaveT       |
                  |      29 Au       |
                  |   killed by a    |
                  |      coyote      |
                  |                  |
                  |                  |
                  |       2026       |
                 *|     *  *  *      | *
        _________)/\\_//(\/(/\)/\//\/|_)_______

Goodbye DaveT the Priest...

You died in The Dungeons of Doom on dungeon level 3 with 337 points,
and 29 pieces of gold, after 950 moves.
You were level 2 with a maximum of 20 hit points when you died.

